 Dungeon Crawl Stone Soup version 0.28-a0-661-g144af121cd (webtiles) character file.

Game seed: 7633408879016238669

9 Lekart the Skirmisher (level 2, -8/39 HPs)
             Began as a Draconian Chaos Knight on Oct 14, 2021.
             Was a Plaything of Xom.
             Mangled by a black mamba (shapeshifter) (9 damage)
             ... on level 1 of the Dungeon.
             The game lasted 00:00:25 (493 turns).

Lekart the Skirmisher (Draconian Chaos Knight)       Turns: 493, Time: 00:00:25

Health: -8/39      AC: 21    Str: 14    XL:     2   Next: 6%
Magic:  2/2        EV:  2    Int: 12    God:    Xom [..*...]
Gold:   32         SH:  0    Dex: 10    Spells: 1/1 levels left

rFire   . . .      SeeInvis .   a - +0 falchion (chaos)
rCold   . . .      Faith    .   (no shield)
rNeg    . . .      Spirit   .   (armour unavailable)
rPois   +          Reflect  .   (helmet currently unavailable)
rElec   .          Harm     .   (cloak currently unavailable)
rCorr   .          Rampage  .   (gloves currently unavailable)
Will    .....      NoTele   +   (boots currently unavailable)
Stlth   +.........              (no amulet)
HPRegen 0.13/turn               (no ring)
MPRegen 0.08/turn               (no ring)

@: lethally poisoned (-8 -> -27), tree-form
A: stationary, stasis, torment immunity, boosted hp, AC +4, unfitting armour,
(cold-blooded)
a: Renounce Religion


You were on level 1 of the Dungeon.
You worshipped Xom.
You were a toy of Xom.
You were a tree.
You visited 1 branch of the dungeon, and saw 1 of its levels.

You collected 32 gold pieces.

Inventory:

Hand Weapons
 a - a +0 falchion of chaos (weapon)
Potions
 c - a potion of haste {unknown}
 d - a potion of might {unknown}


   Skills:
 + Level 3.5 Fighting
 + Level 3.2 Long Blades
 + Level 2.2 Dodging


You had one spell level left.
You didn't know any spells.
Your spell library contained the following spells:

 Spells                   Type           Power      Damage    Failure   Level
 Slow                     Hex            0%         N/A       45%         2
 Confusing Touch          Hex            0%         N/A       69%         3
 Vampiric Draining        Necr           0%         2d6       69%         3


Dungeon Overview and Level Annotations

Branches:
Dungeon (1/15)

Altars:


Innate Abilities, Weirdness & Mutations

You are a tree.
Your roots penetrate the ground, keeping you stationary.
You cannot be teleported.
You are immune to unholy pain and torment.
Your maximum health is greatly increased.
Your equipment is partially melded.
((Your plain brown scales are hard. (AC +4)))
You cannot fit into any form of body armour.
((You are cold-blooded and may be slowed by cold attacks.))


Message History

Found a trident.
A quokka comes into view.
A quokka is nearby!
You hit the quokka.
The quokka changes into a shapeshifter!
Xom thinks this is hilarious!
The shapeshifter changes into a tarantella!
A tarantella is nearby!
You closely miss the tarantella. The tarantella completely misses you.
A tarantella is nearby!
You hit the tarantella.
The tarantella is lightly wounded.
The tarantella misses you. The tarantella closely misses you.
You slash the tarantella! You burn the tarantella.
Your tail-slap misses the tarantella.
The tarantella is heavily wounded.
The tarantella closely misses you. x2
You barely miss the tarantella.
The tarantella is heavily wounded.
The tarantella touches you!
Ouch! That really hurt!
You are too injured to fight recklessly!
You are too injured to fight recklessly!
You hit the tarantella but do no damage.
The tarantella appears confused.
You tail-slap the tarantella, but do no damage.
The tarantella is heavily wounded.
The tarantella changes into a black mamba!
You hit the black mamba.
The black mamba is lightly wounded.
The black mamba closely misses you. The black mamba bites you.
* * * LOW HITPOINT WARNING * * *
You are lethally poisoned!
The black mamba poisons you!
It was a potion of lignification.
You turn into a tree.
Your roots penetrate the ground.
* * * LOW HITPOINT WARNING * * *
You feel very sick. The black mamba bites you!
You die...
Xom giggles madly!

#..# #. #..# #. #..# #.
##).# #####.######. #..#
........... #..# ###
##.#.....#####..####.##
##...................#.#
#.....S♣....###..##.###.
...................## ##
#...........###.(...###.
##.........## ##.....#..
##.#.....## ######.##
.......... #.##
###.###..... #.## #.
#.....# #####.## #
##....# #.....##


You could see a black mamba shaped shifter.

Vanquished Creatures
  A ball python (D:1)
  A bat (D:1)
  2 hobgoblins (D:1)
  A kobold (D:1)
  5 rats (D:1)
10 creatures vanquished.

Vanquished Creatures (others)
  A plant (D:1)
1 creature vanquished.

Grand Total: 11 creatures vanquished

Notes
Turn   | Place    | Note
-------+----------+-------------------------------------------
     0 | D:1      | Lekart the Draconian Chaos Knight began the quest for the
                  | Orb.
     0 | D:1      | Reached XP level 1. HP: 19/19 MP: 1/1
   115 | D:1      | Found a faded altar of an unknown god.
   400 | D:1      | Reached XP level 2. HP: 22/26 MP: 2/2
   485 | D:1      | Noticed a shapeshifter
   485 | D:1      | a quokka changed into a shapeshifter
   485 | D:1      | Noticed a tarantella
   485 | D:1      | a shapeshifter changed into a tarantella
   491 | D:1      | Noticed a black mamba
   491 | D:1      | a tarantella changed into a black mamba
   493 | D:1      | HP: 1/39 [poisoned by a black mamba]
   493 | D:1      | Mangled by a black mamba (shapeshifter)

Illustrated notes

Levels and vault maps discovered:
D:1:      noname_arrival_rooms_in_the_neighbourhood, layout_loops_ring,
          ebering_ecumenical_altar_hall, serial_bayou_pond_a,
          minmay_rat_gold_closets

Action                   || total
-------------------------++-------
Melee: Falchion          ||    28
       Tailslap          ||     4
  Use: Potion            ||     1
Armor: Skin              ||     5
Dodge: Dodged            ||    16

Table legend: (Time is in decaauts)
 A = Elapsed time spent in this place.
 B = Non-inter-level travel time spent in this place.
 C = Inter-level travel time spent in this place.
 D = Time resting spent in this place.
 E = Time spent auto-exploring this place.
 F = Levels seen in this place.
 G = Mean time per level.
                   A        B        C        D        E       F      G
               +--------+--------+--------+--------+--------+-----+--------+
         Total |    497 |    497 |      0 |      0 |    432 |   1 |  497.0 |
       Dungeon |    497 |    497 |      0 |      0 |    432 |   1 |  497.0 |
               +--------+--------+--------+--------+--------+-----+--------+

Top non-repeatable levels by time:
     D:1: 497 daAuts
